AoeStats
← Tutifruti1647

Arabia

510535934Analyzed
1v1 RM · 2d ago on Oct 1, 2026· 38m 25s· 2 players
Game mode
Random Map
Map size
Tiny (2 player)
Population
200
Speed
Normal
Resources
Standard
Victory
Conquest
Starting age
Dark Age
Ending age
Imperial Age
RankedLock teamsTeams togetherTeam positionsShared explorationLock speedFull tech treeHidden civsTurbo modeCheats
Victory
Defeat
🇮🇳 Khitans · India
1445
+17
🇦🇷 Bulgarians · Argentina
1462
-17
FK
7:04 Loom
9:22 Feudal Age
10:12 Man-at-Arms
12:04 Double-Bit Axe
13:44 Forging
15:31 Fletching
21:48 Castle Age
19:41 Domestication
21:00 Padded Archer Armor
22:28 Bodkin Arrow
24:03 Bow Saw
27:13 Wheelbarrow
28:06 Ballistics
29:40 Town Watch
31:24 Husbandry
36:03 Imperial Age
34:22 Heavy Cavalry Archer
35:29 Scale Barding Armor
36:08 Leather Archer Armor
36:48 Bracer
37:49 Chemistry
38:47 Chain Barding Armor
37:49 Light Cavalry
Tutifruti1647
6:21 Loom
9:08 Feudal Age
13:06 Scale Mail Armor
13:19 Forging
14:35 Double-Bit Axe
15:49 Fletching
16:22 Horse Collar
18:53 Padded Archer Armor
22:34 Castle Age
21:25 Gold Mining
23:48 Wheelbarrow
23:46 Bow Saw
23:40 Heavy Plow
24:00 Chain Mail Armor
24:20 Iron Casting
23:44 Bodkin Arrow
25:37 Scale Barding Armor
30:03 Chain Barding Armor
32:13 Bloodlines
35:45 Husbandry
Connection lost

Rejoining the realm…

Still unreachable

The connection could not be restored.

Session expired

The server has moved on; the page needs a fresh start.